 Dungeon Crawl Stone Soup version 0.27-a0-594-g2aaa8dbbc2 (webtiles) character file.

Game seed: 3481925787707207729

1329 Murumi the Chucker (level 8, -12/80 HPs)
             Began as an Ogre Gladiator on Mar 10, 2021.
             Was an Initiate of Okawaru.
             Killed from afar by a steam dragon (19 damage)
             ... with a ball of steam
             ... on level 7 of the Dungeon on Mar 11, 2021.
             The game lasted 00:26:53 (10416 turns).

Murumi the Chucker (Ogre Gladiator)                Turns: 10416, Time: 00:26:53

Health: -12/80     AC:  5    Str: 19    XL:     8   Next: 60%
Magic:  18/18      EV: 10    Int: 11    God:    Okawaru [......]
Gold:   317        SH:  0    Dex: 10    Spells: 7/7 levels left

rFire    . . .     SeeInvis .   g - +2 whip (vamp)
rCold    . . .     Faith    .   (no shield)
rNeg     . . .     Spirit   .   b - +0 robe
rPois    .         Reflect  .   c - +1 hat
rElec    .         Harm     .   h - +0 cloak
rCorr    .         Rampage  .   (gloves unavailable)
Will     .....                  (boots unavailable)
Stlth    ++........             (no amulet)
HPRegen  0.23/turn              d - ring of magical power
MPRegen  0.16/turn              (no ring)

@: no status effects
A: large, unfitting armour, tough skin 1
a: Renounce Religion


You were on level 7 of the Dungeon.
You worshipped Okawaru.
Okawaru was noncommittal.
You visited 2 branches of the dungeon, and saw 8 of its levels.

You collected 317 gold pieces.

Inventory:

Hand Weapons
 a - a +0 flail
 g - a +2 vampiric whip (weapon)
Missiles
 e - 189 stones (quivered)
 j - 12 boomerangs
 k - 18 poisoned darts
Armour
 b - a +0 robe (worn)
 c - a +1 hat (worn)
 h - a +0 cloak (worn)
Jewellery
 d - a ring of magical power (right hand)
Wands
 l - a wand of random effects (28)
 r - a wand of polymorph (10)
Scrolls
 n - a scroll of magic mapping
 s - a scroll of teleportation
 t - a scroll of enchant armour
Potions
 f - 2 potions of attraction
 i - 2 potions of curing
 m - a potion of mutation
 o - a potion of lignification
 p - a potion of might
 q - a potion of haste


   Skills:
 - Level 5.0 Fighting
 - Level 5.0 Maces & Flails
 + Level 6.2 Throwing
 - Level 1.0 Armour
 - Level 3.0 Dodging
 - Level 4.0 Stealth
 - Level 2.0 Invocations
 - Level 1.0 Evocations


You had 7 spell levels left.
You didn't know any spells.
Your spell library was empty.

Dungeon Overview and Level Annotations

Branches:
Dungeon (7/15)             Temple (1/1) D:6

Altars:
Ashenzari
Cheibriados
Elyvilon
Fedhas
Hepliaklqana
Kikubaaqudgha
Makhleb
Nemelex Xobeh
Okawaru
Qazlal
Ru
Sif Muna
Trog
Uskayaw
Vehumet
Wu Jian
Xom
Yredelemnul
The Shining One

Annotations:
D:2 Dig
D:6 1 runed translucent door


Innate Abilities, Weirdness & Mutations

You are too large for most types of armour.
You have tough skin. (AC +1)


Message History

The hound is almost dead.
The hound closely misses you.
You completely miss the hound.
The hound is almost dead.
The hound barely misses you.
You hit the hound.
You kill the hound!
Okawaru accepts your kill.
You now have 317 gold pieces (gained 10).
A steam dragon comes into view.
The steam dragon hisses angrily.
The steam dragon breathes steam at you. The ball of steam hits you!
You barely miss the steam dragon.
You are engulfed in a cloud of scalding steam.
The steam dragon barely misses you. The steam dragon claws you.
You hit the steam dragon but do no damage.
You are engulfed in a cloud of scalding steam.
The steam dragon bites you! The steam dragon closely misses you.
You are too injured to fight recklessly!
You are too injured to fight recklessly!
You hit the steam dragon but do no damage.
You are engulfed in a cloud of scalding steam.
The steam dragon bites you.
The steam dragon claws you but does no damage.
You closely miss the steam dragon.
You hit the steam dragon but do no damage.
The steam dragon bites you.
The steam dragon claws you but does no damage.
You hit the steam dragon.
You feel better.
The steam dragon is lightly wounded.
The steam dragon breathes steam at you. The ball of steam hits you!!
* * * LOW HITPOINT WARNING * * *
The steam dragon bites you.
* * * LOW HITPOINT WARNING * * *
The steam dragon closely misses you. The steam dragon breathes steam at you.
The ball of steam hits you!!
You die...

#.#.#
#####.#.#
#.....#.#
#.##..#.#
#.#...#.#
#.#....†#
#.#.#####
#.#.#
#@#.#
#§#§#
#D.§#
#####


You could see a steam dragon (catching breath).

Vanquished Creatures
  A wyvern (D:5)
  An orc warrior (D:6)
  A black bear (D:6)
  An ogre (D:4)
  A kobold brigand (D:6)
  Blork the orc (D:5)
  2 bullfrogs (D:6)
  A scorpion (D:4)
  A bullfrog zombie (D:6)
  An orc priest (D:4)
  4 hounds
  2 bullfrog skeletons
  Ijyb (D:4)
  An iguana (D:4)
  2 orc wizards (D:6)
  3 worker ants
  A hound skeleton (D:7)
  A howler monkey zombie (D:6)
  2 adders
  2 white imps
  3 adder zombies
  4 adder skeletons
  4 worms
  2 dart slugs
  2 leopard geckos
  17 orcs
  A giant cockroach (D:6)
  13 goblins
  10 hobgoblins
  5 jackals
  7 kobolds
  A quokka (D:4)
  2 ball pythons
  8 bats
  3 frilled lizards
  A giant cockroach zombie (D:2)
  A jackal skeleton (D:4)
  A jackal zombie (D:6)
  A leopard gecko skeleton (D:2)
  2 rats (D:1)
118 creatures vanquished.

Vanquished Creatures (others)
  2 plants (Temple)
2 creatures vanquished.

Grand Total: 120 creatures vanquished

Notes
Turn   | Place    | Note
-------+----------+-------------------------------------------
     0 | D:1      | Murumi the Ogre Gladiator began the quest for the Orb.
     0 | D:1      | Reached XP level 1. HP: 22/22 MP: 1/1
   164 | D:1      | Reached XP level 2. HP: 31/31 MP: 2/2
   714 | D:1      | Reached skill level 1 in Stealth
   762 | D:1      | Reached XP level 3. HP: 37/37 MP: 3/3
  1909 | D:2      | Reached XP level 4. HP: 45/45 MP: 4/4
  2591 | D:3      | Found a sacrificial altar of Ru.
  2779 | D:3      | Reached skill level 3 in Throwing
  2802 | D:3      | Found a shimmering blue altar of Sif Muna.
  2983 | D:3      | Found a bloodstained altar of Trog.
  3247 | D:3      | Reached XP level 5. HP: 52/53 MP: 5/5
  4047 | D:4      | Reached skill level 4 in Throwing
  4095 | D:4      | Noticed Ijyb
  4153 | D:4      | Killed Ijyb
  4580 | D:4      | Upgraded the game from 0.27-a0-585-g945025970d to
                  | 0.27-a0-594-g2aaa8dbbc2
  4653 | D:4      | Reached XP level 6. HP: 53/61 MP: 6/6
  5283 | D:4      | Reached skill level 1 in Armour
  5580 | D:4      | Reached XP level 7. HP: 70/70 MP: 7/7
  5585 | D:4      | Reached skill level 1 in Evocations
  5696 | D:4      | Found a basalt altar of Yredelemnul.
  5963 | D:5      | Entered Level 5 of the Dungeon
  6057 | D:5      | Noticed Blork the orc
  6069 | D:5      | Killed Blork the orc
  6358 | D:5      | Noticed a wyvern
  6371 | D:5      | Killed a wyvern
  6372 | D:5      | Reached skill level 5 in Throwing
  6603 | D:5      | Found a glowing golden altar of the Shining One.
  6788 | D:5      | Found a hide-covered altar of Uskayaw.
  6789 | D:5      | Found a snail-covered altar of Cheibriados.
  7632 | D:6      | Noticed a human
  7633 | D:6      | Found a runed translucent door.
  7725 | D:6      | Reached XP level 8. HP: 78/78 MP: 8/8
  7780 | D:6      | Reached skill level 5 in Maces & Flails
  8367 | D:6      | Found a staircase to the Ecumenical Temple.
  8376 | Temple   | Entered the Ecumenical Temple
  8779 | Temple   | Became a worshipper of Warmaster Okawaru
  9324 | D:6      | Reached skill level 6 in Throwing
  9655 | D:6      | Reached skill level 1 in Invocations
  9989 | D:6      | Found a basalt altar of Yredelemnul.
 10262 | D:6      | Reached skill level 5 in Fighting
 10416 | D:7      | Killed from afar by a steam dragon

Illustrated notes

Levels and vault maps discovered:
D:1:      dpeg_arrival_long_road, layout_basic, chequers_serial_rivers_micro_c,
          minmay_misc_feat_iff
D:2:      minmay_skewed_foursquare, layout_rooms, serial_undead,
          serial_undead_b, serial_undead_f, serial_undead_b, serial_undead_f,
          lightli_corner_chamber
D:3:      layout_loops_corners, lemuel_crystal_altar, lightli_temple_of_fire,
          nicolae_overflow_hidden_temple, serial_glass, glass_columns_a,
          glass_columns_c, glass_columns_c, glass_columns_a, glass_columns_a,
          glass_columns_a, glass_columns_c, glass_columns_c, glass_columns_a,
          glass_columns_a
D:4:      kennysheep_the_goblin_king, layout_layer_cave, lemuel_doored_altar,
          hangedman_minor_gate_pass
D:5:      layout_loops_cross, chequers_temple_overflow_statue_of_worship,
          old_standard_altar, uniq_blork_the_orc
D:6:      layout_layer_cave, minmay_temple_entry_glassed_door,
          dk_yredelemnul_ordeal
D:7:      layout_basic
Temple:   minmay_temple_forest_path

Skill      XL: |  1  2  3  4  5  6  7  8 |
---------------+-------------------------+-----
Fighting       | 3 4 5 |  5.0
Maces & Flails | 3 4 5 |  5.0
Dodging        | 3 |  3.0
Stealth        | 1 2 3 4 |  4.0
Throwing       | 3 4 5 6 |  6.2
Armour         | 1 |  1.0
Evocations     | 1 |  1.0
Invocations    | 2 |  2.0

Action                   |  1- 3 |  4- 6 |  7- 9 || total
-------------------------+-------+-------+-------++-------
Melee: Flail             |   101 |       |       ||   101
       Whip              |    31 |   215 |   241 ||   487
Throw: Stone             |    72 |   101 |    50 ||   223
       Dart              |       |    10 |     8 ||    18
       Throwing net      |       |       |     5 ||     5
  Use: Scroll            |     4 |     3 |     8 ||    15
 Stab: Sleeping          |     3 |     1 |     6 ||    10
       Held in net/web   |       |       |     1 ||     1
Armor: Robe              |    46 |    49 |    47 ||   142
Dodge: Dodged            |    74 |   103 |    91 ||   268

Table legend: (Time is in decaauts)
 A = Elapsed time spent in this place.
 B = Non-inter-level travel time spent in this place.
 C = Inter-level travel time spent in this place.
 D = Time resting spent in this place.
 E = Time spent auto-exploring this place.
 F = Levels seen in this place.
 G = Mean time per level.
                   A        B        C        D        E       F      G
               +--------+--------+--------+--------+--------+-----+--------+
         Total |  10391 |   9479 |    912 |    418 |   7789 |   8 | 1298.9 |
       Dungeon |   9936 |   9159 |    777 |    418 |   7479 |   7 | 1419.4 |
        Temple |    455 |    320 |    135 |      0 |    310 |   1 |  455.0 |
               +--------+--------+--------+--------+--------+-----+--------+

Top non-repeatable levels by time:
     D:6: 2467 daAuts
     D:4: 2232 daAuts
     D:3: 1442 daAuts
     D:1: 1374 daAuts
     D:5: 1275 daAuts
     D:2: 1016 daAuts
  Temple: 455 daAuts
     D:7: 127 daAuts
